 Dungeon Crawl Stone Soup version 0.25-a0-10-g2fe12d4386 (webtiles) character file.

Game seed: 5530591979264232209, levelgen mode: deterministic

171 Chiseanne the Magician (level 5, -2/38 HPs)
             Began as a Demonspawn Wizard on Oct 15, 2019.
             Slain by Crazy Yiuf
             ... wielding a +2 quarterstaff of chaos
              (13 damage)
             ... on level 3 of the Dungeon.
             The game lasted 00:08:47 (4010 turns).

Chiseanne the Magician (Demonspawn Wizard)          Turns: 4010, Time: 00:08:47

Health: -2/38      AC:  3    Str:  7    XL:     5   Next: 26%
Magic:  0/10       EV: 14    Int: 21    God:
Gold:   43         SH:  4    Dex: 11    Spells: 2/11 levels left

rFire    . . .     SeeInvis .   a - +2 short sword (speed)
rCold    . . .     Gourm    .   l - +0 buckler
rNeg     . . .     Faith    .   f - +0 robe
rPois    .         Spirit   +   k - +1 hat
rElec    .         Reflect  .   (no cloak)
rCorr    +         Harm     .   (no gloves)
MR       +....                  (no boots)
Stlth    ++........             (no amulet)
HPRegen  0.12/turn              u - +2 ring of evasion
MPRegen  0.12/turn              o - ring of resist corrosion

@: very slightly contaminated, slowed, very slow
A: horns 1, magic resistance 1, robust 1, magic shield
a: no special abilities


You were on level 3 of the Dungeon.
You were not hungry.

You visited 1 branch of the dungeon, and saw 4 of its levels.

You collected 43 gold pieces.

Inventory:

Hand Weapons
 a - a +2 short sword of speed (weapon)
 s - a +1 mace
Missiles
 c - 9 poisoned darts
 e - 97 stones (quivered)
 g - 11 bolts
 h - 5 boomerangs
 m - 41 arrows
 r - 13 sling bullets
Armour
 f - a +0 robe (worn)
 k - a +1 hat (worn)
 l - a +0 buckler (worn)
Jewellery
 o - a ring of resist corrosion (right hand)
 u - a +2 ring of evasion (left hand)
Scrolls
 i - 3 scrolls of remove curse
Comestibles
 d - 4 rations


   Skills:
 - Level 1.7 Dodging
 - Level 1.7 Stealth
 * Level 3.6 Shields
 + Level 3.7 Spellcasting
 + Level 2.0 Conjurations
   Level 1.0 Summonings
 - Level 0.8 Translocations


You had 2 spell levels left.
You knew the following spells:

 Your Spells              Type           Power        Failure   Level  Hunger
a - Magic Dart            Conj           ##..         5%          1    None
b - Blink                 Tloc           N/A          14%         2    ##.....
c - Conjure Flame         Conj/Fire      #.......     26%         3    ###....
d - Mephitic Cloud        Conj/Pois/Air  #.......     28%         3    ###....

Your spell library contained the following spells:

 Spells                   Type           Power        Failure   Level  Hunger
 Call Imp                 Summ           #.......     13%         2    ##.....
 Slow                     Hex            #.......     19%         2    ##.....


Dungeon Overview and Level Annotations

Branches:
Dungeon (4/15)
 Temple: D:4-7

Altars:
Xom

Annotations:
D:2 Terence
D:3 Crazy Yiuf


Innate Abilities, Weirdness & Mutations

When hurt, damage is shared between your health and your magic reserves.
You have a pair of small horns on your head.
You are resistant to hostile enchantments. (MR+)
You are robust. (+10% HP)


Message History

Crazy Yiuf is moderately wounded.
Crazy Yiuf hits you but does no damage.
It was a potion of curing.
You feel better.
Crazy Yiuf hits you with a +2 quarterstaff of chaos!
Crazy Yiuf freezes you.
You hit Crazy Yiuf.
Crazy Yiuf is moderately wounded.
Crazy Yiuf barely misses you.
You hit Crazy Yiuf. You headbutt Crazy Yiuf.
Crazy Yiuf is severely wounded.
Crazy Yiuf barely misses you.
You hit Crazy Yiuf but do no damage.
Crazy Yiuf is severely wounded.
Crazy Yiuf completely misses you.
You hit Crazy Yiuf but do no damage.
Crazy Yiuf is severely wounded.
Crazy Yiuf hits you with a +2 quarterstaff of chaos!
* * * LOW HITPOINT WARNING * * *
You are electrocuted!
You die...

#.............. ###.....[......
#.........<.. #...........)
#............ #............
##........... ####♣♣ #####
#.......##... ##....♣♣ ♣♣#g@)#
############. #......♣♣♣♣.'...#
###.......... #.......♣..♣#...#
#...##...##.. #.#....♣.♣♣♣#####
#..###......# #.###♣♣♣♣♣ #..#
#...#### #.# #.## #.....#. #.#
####.# #.......
#.##############....#####.....#
#............................##


You could see Crazy Yiuf.

Vanquished Creatures
  A hound (D:4)
  3 gnolls (D:3)
  5 adders
  An adder skeleton (D:4)
  2 leopard geckos
  2 orcs (D:3)
  3 bats
  6 giant cockroaches
  2 goblins (D:2)
  3 hobgoblins
  12 jackals
  4 kobolds
  3 quokkas
  A ball python (D:3)
  6 frilled lizards
  A leopard gecko skeleton (D:3)
  5 rats
60 creatures vanquished.

Notes
Turn   | Place    | Note
-------+----------+-------------------------------------------
     0 | D:1      | Chiseanne the Demonspawn Wizard began the quest for the
                  | Orb.
     0 | D:1      | Reached XP level 1. HP: 13/13 MP: 4/4
   360 | D:1      | Gained mutation: When hurt, damage is shared between your
                  | health and your magic reserves. [demonic ancestry]
   360 | D:1      | Reached XP level 2. HP: 17/19 MP: 1/6
   661 | D:2      | Noticed Terence
   667 | D:1      | Learned a level 2 spell: Blink
   860 | D:2      | Reached skill level 1 in Shields
  1606 | D:2      | Reached XP level 3. HP: 23/24 MP: 1/7
  1965 | D:2      | Found a shimmering altar of Xom.
  2314 | D:2      | Learned a level 3 spell: Conjure Flame
  2868 | D:3      | Gained mutation: You are resistant to hostile enchantments.
                  | (MR+) [potion of mutation]
  2868 | D:3      | Gained mutation: You are robust. (+10% HP) [potion of
                  | mutation]
  2868 | D:3      | Gained mutation: You have a pair of small horns on your
                  | head. [potion of mutation]
  2870 | D:3      | Reached XP level 4. HP: 16/33 MP: 1/8
  3294 | D:3      | Noticed an orc warrior
  3352 | D:4      | Learned a level 3 spell: Mephitic Cloud
  3590 | D:4      | Reached XP level 5. HP: 36/38 MP: 4/10
  3995 | D:3      | Found a runed translucent door.
  3996 | D:3      | Noticed Crazy Yiuf
  4010 | D:3      | Slain by Crazy Yiuf

Levels and vault maps discovered:
D:1:      zaba_arrival_water, layout_basic
D:2:      layout_loops_ring, lemuel_round_altar, uniq_terence
D:3:      layout_rooms, serial_park_tiny_2, minmay_cupped,
          uniq_crazy_yiuf_cottage
D:4:      layout_layer_cave, led_sif_pool, minmay_temple_entry_grid,
          lightli_sewer_entry_pipes, tso_metal_star

Skill      XL: |  1  2  3  4  5 |
---------------+----------------+-----
Shields        | 1 2 3 |  3.6
Conjurations   | 2 |  2.0
Dodging        | |  1.7
Stealth        | |  1.7
Spellcasting   | |  3.7
Summonings     | |  1.0
Translocations | |  0.8

Action                   |  1- 3 |  4- 6 || total
-------------------------+-------+-------++-------
Melee: Dagger            |     8 |       ||     8
       Mace              |    57 |     9 ||    66
       Short sword       |       |    38 ||    38
       Headbutt          |       |     4 ||     4
 Cast: Magic Dart        |    91 |    46 ||   137
       Conjure Flame     |     4 |       ||     4
       Blink             |     1 |     1 ||     2
       Mephitic Cloud    |       |     1 ||     1
  Use: Scroll            |     6 |     2 ||     8
       Potion            |     2 |     2 ||     4
 Stab: Sleeping          |     2 |       ||     2
       Confused          |       |     1 ||     1
  Eat: Chunk             |     6 |     4 ||    10
Armor: Robe              |    16 |     8 ||    24
Dodge: Dodged            |    70 |    50 ||   120
Block: Buckler           |     8 |    15 ||    23

Table legend:
 A = Non-vault XP
 B = Vault XP
 C = Vault XP percentage of total XP
 D = Non-vault monster count
 E = Vault monster count
 F = Vault count percentage of total count
                 A         B        C        D         E       F
            +---------+---------+-------+---------+---------+-------
      Total |     225 |      20 |   8.2 |      54 |       6 |  10.0
            +---------+---------+-------+---------+---------+-------
        D:1 |      13 |       0 |   0.0 |       7 |       0 |   0.0
        D:2 |      57 |       1 |   1.7 |      19 |       1 |   5.0
        D:3 |      97 |       6 |   5.8 |      21 |       4 |  16.0
        D:4 |      58 |      13 |  18.3 |       7 |       1 |  12.5
            +---------+---------+-------+---------+---------+-------
